 Dungeon Crawl Stone Soup version 0.20-a0-672-gd6c3c51 (webtiles) character file.

1805 KristoblXynda the Covert (level 8, -3/54 HPs)
             Began as a Spriggan Enchanter on Feb 17, 2017.
             Splashed by a jelly's acid (5 damage)
             ... on level 6 of the Dungeon.
             The game lasted 00:31:19 (9800 turns).

KristoblXynda the Covert (Spriggan Enchanter)       Turns: 9800, Time: 00:31:20

Health: -3/54      AC: 20    Str:  3 (5)  XL:     8   Next: 84%
Magic:  0/14       EV:  4    Int: 15 (17) God:
Gold:   320        SH:  0    Dex: 14 (17) Spells: 4/13 levels left

rFire    . . .     SeeInvis +   a - +2 dagger
rCold    . . .     Gourm    .   (armour currently unavailable)
rNeg     + + +     Faith    .   (shield restricted)
rPois    +         Spirit   .   (helmet currently unavailable)
rElec    .         Reflect  .   (cloak currently unavailable)
rCorr    .         Harm     .   (gloves unavailable)
MR       +....     NoTele   +   (boots unavailable)
Stlth    +++++.....             (no amulet)
Regen    0.2/turn               (no ring)
MPRegen  0.2/turn               l - ring of positive energy

@: tree-form, corroded, very slightly contaminated, invisible
A: unfitting armour, see invisible, herbivore 3, (speed 0), slow metabolism 2
a: no special abilities


You were on level 6 of the Dungeon.
You were not hungry.
You were a tree.
You visited 1 branch of the dungeon, and saw 6 of its levels.

You collected 320 gold pieces.

Inventory:

Hand Weapons
 a - a +2 dagger (weapon)
 y - the +7 long sword of Arbitration {flame, rPois rN+++ MR-}
   (You found it on level 5 of the Dungeon)

   It has been specially enchanted to burn those struck by it, causing extra
   injury to most foes and up to half again as much damage against particularly
   susceptible opponents.
   Big, fiery blades are also staple armaments of hydra-hunters.
   It protects you from poison.
   It renders you almost immune to negative energy.
   It affects your resistance to hostile enchantments.
Armour
 b - a +1 robe (melded)
 t - a +0 cloak of magic resistance (melded)
Jewellery
 l - a ring of positive energy (left branch)
Scrolls
 e - a scroll of enchant armour
 f - a scroll of magic mapping
 m - 4 scrolls of blinking
 o - 3 scrolls of remove curse
 q - a scroll of fog
 s - a scroll of recharging
Potions
 i - 2 potions of flight
 k - 4 potions of agility
Books
 c - a book of Maledictions

   Spells                             Type                      Level
   a - Corona                         Hexes                        1
   b - Ensorcelled Hibernation        Hexes/Ice                    2
   c - Confuse                        Hexes                        3
   d - Tukima's Dance                 Hexes                        3
   e - Dazzling Spray                 Conjuration/Hexes            3
 r - a book of Minor Magic

   Spells                             Type                      Level
   a - Magic Dart                     Conjuration                  1
   b - Blink                          Translocation                2
   c - Call Imp                       Summoning                    2
   d - Slow                           Hexes                        2
   e - Conjure Flame                  Conjuration/Fire             3
   f - Mephitic Cloud                 Conjuration/Poison/Air       3
Comestibles
 d - 2 bread rations


   Skills:
 - Level 5.0 Short Blades
 - Level 5.1 Dodging
 + Level 11.1 Stealth
 - Level 3.4 Spellcasting
 + Level 3.7 Conjurations
 - Level 6.0 Hexes
 + Level 2.4 Ice Magic


You had 4 spell levels left.
You knew the following spells:

 Your Spells              Type           Power        Failure   Level  Hunger
a - Corona                Hex            ###....      1%          1    None
b - Ensorcelled Hibernat  Hex/Ice        ###...       6%          2    ##.....
c - Confuse               Hex            ###.....     6%          3    ###....
d - Dazzling Spray        Conj/Hex       ###...       10%         3    ###....


Dungeon Overview and Level Annotations

Branches:
Dungeon (6/15)
 Temple: D:4-7

Altars:
Gozag
Makhleb
Okawaru
Qazlal
Sif Muna
Trog
Uskayaw
Yredelemnul


Innate Abilities, Weirdness & Mutations

You are very small and have problems with some larger weapons.
You are too small for most types of armour.
You have supernaturally acute eyesight. (SInv)
You are a herbivore.
((You cover ground extremely quickly.))
You need consume almost no food.


Message History

The bullfrog hits you.
* * * LOW HITPOINT WARNING * * *
You barely miss the bullfrog.
The bullfrog is severely wounded.
The bullfrog barely misses you.
You hit the bullfrog.
The bullfrog is almost dead.
The bullfrog hits you but does no damage.
You hit the bullfrog.
You kill the bullfrog!
Casting: Ensorcelled Hibernation
Confirm with . or Enter, or press ? or * to list all spells.
Aiming: Ensorcelled Hibernation
Press: ? - help, Shift-Dir - straight line, f - jelly
Aim: a jelly (chance to defeat MR: 54%)
You miscast Ensorcelled Hibernation.
You hear an indistinct dissonance whispering inside your mind.
The jelly hits you but does no damage.
You hit the jelly. The acid corrodes you!
Your branches burn!
You die...

#.##.# #...<# ###### #
# # # ##### # ###
#♣J.# # #.. ###5# #
#.. #.## .# .. #....#
.# #. #.#..# .#
#.#####.#.># .# .#
######...J†..# .# #.#
.. ..........####..#
#.# ..
.......##....#..####.#


You could see a jelly and a crimson imp.

Vanquished Creatures
  Sigmund (D:6)
  3 ogres
  A phantom (D:4)
  A centaur (D:6)
  A wyvern zombie (D:6)
  2 bullfrogs (D:6)
  6 scorpions
  A crimson imp (D:6)
  A bullfrog zombie (D:5)
  3 orc wizards
  3 hounds
  Crazy Yiuf (D:4)
  3 iguanas
  6 worker ants
  A hound skeleton (D:5)
  3 gnolls (D:3)
  9 adders
  3 shadow imps (D:6)
  An ooze (D:1)
  A worm (D:2)
  2 dart slugs
  A leopard gecko (D:1)
  23 orcs
  5 ball pythons
  7 bats
  8 giant cockroaches
  14 goblins
  8 hobgoblins
  6 jackals
  4 quokkas
  5 frilled lizards
  9 kobolds
  A leopard gecko skeleton (D:5)
  A quokka skeleton (D:5)
  11 rats
156 creatures vanquished.

Notes
Turn   | Place    | Note
-------+----------+-------------------------------------------
     0 | D:1      | KristoblXynda the Spriggan Enchanter began the quest for the Orb.
     0 | D:1      | Reached XP level 1. HP: 9/9 MP: 5/5
   509 | D:1      | Reached XP level 2. HP: 1/13 MP: 7/7
  1261 | D:1      | Reached skill level 5 in Stealth
  1357 | D:1      | Learned a level 2 spell: Ensorcelled Hibernation
  1373 | D:1      | Reached XP level 3. HP: 12/16 MP: 2/8
  1498 | D:1      | Learned a level 3 spell: Confuse
  2755 | D:3      | Reached XP level 4. HP: 16/21 MP: 2/10
  2836 | D:3      | Found an opulent altar of Gozag.
  3192 | D:3      | Found a deep blue altar of Sif Muna.
  3222 | D:3      | Reached skill level 6 in Stealth
  3324 | D:3      | Found an iron altar of Okawaru.
  3879 | D:3      | Reached skill level 5 in Hexes
  4277 | D:3      | Reached XP level 5. HP: 6/24 MP: 5/11
  5392 | D:4      | Reached skill level 7 in Stealth
  5654 | D:4      | Reached XP level 6. HP: 21/28 MP: 7/12
  6544 | D:4      | Learned a level 3 spell: Dazzling Spray
  6589 | D:4      | Reached skill level 8 in Stealth
  6754 | D:4      | Found a runed door.
  6891 | D:4      | Noticed Crazy Yiuf
  6897 | D:4      | Killed Crazy Yiuf
  6934 | D:5      | Entered Level 5 of the Dungeon
  6947 | D:5      | Reached XP level 7. HP: 27/32 MP: 8/13
  7044 | D:5      | Found a bloodstained altar of Trog.
  7044 | D:5      | Found a stormy altar of Qazlal.
  7044 | D:5      | Found a basalt altar of Yredelemnul.
  7044 | D:5      | Found a burning altar of Makhleb.
  7099 | D:5      | Reached skill level 1 in Conjurations
  7120 | D:5      | Found a hide-covered altar of Uskayaw.
  7477 | D:5      | Got a twisted long sword
  7478 | D:5      | Identified the +7 long sword of Arbitration {flame, rPois rN+++ MR-} (You found it on level 5 of the Dungeon)
  7815 | D:5      | Reached skill level 9 in Stealth
  7916 | D:5      | Reached skill level 5 in Short Blades
  8954 | D:6      | Noticed Sigmund
  8958 | D:6      | Killed Sigmund
  8958 | D:6      | Reached XP level 8. HP: 36/36 MP: 14/14
  8985 | D:6      | Reached skill level 10 in Stealth
  9167 | D:6      | Reached skill level 5 in Dodging
  9441 | D:6      | Reached skill level 1 in Ice Magic
  9744 | D:6      | Reached skill level 11 in Stealth
  9795 | D:6      | HP: 2/54 [bullfrog (5)]
  9800 | D:6      | Splashed by a jelly's acid

Vault maps used:
D:1:      minmay_arrival_loop
D:3:      nicolae_gozag_cash_rules_everything_around_me, lemuel_blue_sif_altar,
          okawaru_metal_pillars_1_2
D:4:      nrook_loot_triangle, nrook_mini_vaults, uniq_crazy_yiuf_cottage
D:5:      nicolae_overflow_crystal_walls,
          chequers_temple_overflow_statue_of_worship, first_bread
D:6:      minmay_temple_entry_enclosed_plants, uniq_sigmund

Skill      XL: |  1  2  3  4  5  6  7  8 |
---------------+-------------------------+-----
Spellcasting   | 3 |  3.4
Hexes          | 4 5 6 |  6.0
Stealth        | 5 6 7 8 9 11 | 11.1
Short Blades   | 2 3 4 5 |  5.0
Conjurations   | 2 3 |  3.7
Dodging        | 4 5 |  5.1
Ice Magic      | 2 |  2.4

Action                   |  1- 3 |  4- 6 |  7- 9 || total
-------------------------+-------+-------+-------++-------
Melee: Dagger            |   205 |   267 |   299 ||   771
 Cast: Ensorcelled Hiber |    10 |    45 |     6 ||    61
       Confuse           |     3 |    10 |    31 ||    44
  Use: Scroll            |     6 |     2 |     9 ||    17
       Potion            |     2 |       |     9 ||    11
 Stab: Sleeping          |    16 |    27 |    10 ||    53
       Confused          |     2 |     7 |    12 ||    21
       Distracted        |       |     1 |     1 ||     2
  Eat: Fruit             |     1 |     2 |       ||     3
       Bread ration      |       |     1 |     1 ||     2
       Royal jelly       |       |       |     2 ||     2
Armor: Robe              |    19 |    34 |    34 ||    87
       Skin              |       |       |     7 ||     7
Dodge: Dodged            |   179 |   199 |   215 ||   593
